 Dungeon Crawl Stone Soup version 0.28-a0-1447-ga5a8893891 (webtiles) character file.

Game seed: 15559213005632296894

2274 Shayle the Magician (level 9, -3/103 HPs)
             Began as a Gnoll Warper on Jan 10, 2022.
             Was an Initiate of Wu Jian.
             Slain by an orc knight (16 damage)
             ... in a bailey.
             The game lasted 00:16:57 (7066 turns).

Shayle the Magician (Gnoll Warper)                  Turns: 7066, Time: 00:16:59

Health: -3/103     AC: 28    Str: 10    XL:     9   Next: 39%
Magic:  18/18      EV:  2    Int: 14    God:    Wu Jian [......]
Gold:   234        SH:  0    Dex: 15    Spells: 21/21 levels left

rFire   . . .      SeeInvis .   y - +3 dire flail (vorpal)
rCold   . . .      Faith    .   (shield currently unavailable)
rNeg    + . .      Spirit   .   (armour currently unavailable)
rPois   +          Reflect  .   (helmet currently unavailable)
rElec   .          Harm     .   (cloak currently unavailable)
rCorr   +          Rampage  .   (gloves currently unavailable)
Will    .....      NoTele   +   (boots currently unavailable)
Stlth   +++.......              (no amulet)
HPRegen 0.27/turn               h - +4 ring of protection
MPRegen 0.16/turn               d - ring "Kukot" {rPois rN+ rCorr}

@: tree-form (expiring)
A: stationary, stasis, torment immunity, boosted hp, (fangs 1), strong nose,
distributed training
a: Renounce Religion


You were in a bailey.
You worshipped Wu Jian.
Wu Jian was noncommittal.
You were a tree.
You visited 2 branches of the dungeon, and saw 8 of its levels.
You also visited: Bailey.

You collected 234 gold pieces.

Inventory:

Hand Weapons
 g - a +0 dagger of draining
 j - a +2 dagger of venom
 r - a +2 vampiric falchion
 y - a +3 vorpal dire flail (weapon)
 I - a +4 hand axe
Missiles
 o - 14 poisoned darts (quivered)
 q - 16 boomerangs
 B - a throwing net
Armour
 a - a +0 leather armour
 k - a +0 pair of gloves (melded)
 l - a +1 leather armour of cold resistance (melded)
 n - an orb of light
 p - a +0 helmet (melded)
 F - an orb of wrath
Jewellery
 d - the ring "Kukot" (right branch) {rPois rN+ rCorr}
   (You acquired it on level 4 of the Dungeon)

   [ring of resist corrosion]

   rPois:     It protects you from poison.
   rN:        It protects you from negative energy.
   rCorr:     It protects you from acid and corrosion.
 h - a +4 ring of protection (left branch)
 m - a ring of willpower
 x - a ring of see invisible
 D - a ring of willpower
Wands
 s - a wand of flame (3)
Scrolls
 b - a scroll of blinking
 c - 2 scrolls of fear
 e - a scroll of amnesia
 t - 5 scrolls of teleportation
 u - a scroll of fog
Potions
 f - 2 potions of curing
 i - a potion of resistance
 v - 2 potions of lignification
 w - 3 potions of mutation
 z - a potion of might {unknown}
 A - a potion of brilliance {unknown}
 C - a potion of heal wounds {unknown}
 E - a potion of haste {unknown}
 G - a potion of flight {unknown}
 H - a potion of attraction {unknown}


   Skills:
 + Level 6.3 Fighting
 + Level 4.2 Short Blades
 + Level 4.2 Long Blades
 + Level 4.2 Axes
 + Level 4.2 Maces & Flails
 + Level 4.2 Polearms
 + Level 4.2 Staves
 + Level 4.2 Slings
 + Level 4.2 Bows
 + Level 4.2 Crossbows
 + Level 5.0 Throwing
 + Level 5.0 Armour
 + Level 6.3 Dodging
 + Level 4.2 Stealth
 + Level 4.2 Shields
 + Level 6.3 Unarmed Combat
 + Level 6.6 Spellcasting
 + Level 3.4 Conjurations
 + Level 3.4 Hexes
 + Level 3.4 Summonings
 + Level 3.4 Necromancy
 + Level 6.5 Translocations
 + Level 3.4 Transmutations
 + Level 3.4 Fire Magic
 + Level 3.4 Ice Magic
 + Level 3.4 Air Magic
 + Level 3.4 Earth Magic
 + Level 3.4 Poison Magic
 + Level 4.6 Invocations
 + Level 4.2 Evocations


You had 21 spell levels left.
You didn't know any spells.
Your spell library contained the following spells:

 Spells                   Type           Power      Damage    Failure   Level
 Apportation              Tloc           44%        N/A       1%          1
 Blink                    Tloc           44%        N/A       1%          2
 Animate Skeleton         Necr           28%        N/A       3%          1
 Foxfire                  Conj/Fire      56%        2x1d6     3%          1
 Pain                     Necr           56%        1d6       3%          1
 Gell's Gravitas          Tloc           22%        N/A       3%          3
 Lesser Beckoning         Tloc           22%        N/A       3%          3
 Teleport Other           Tloc           22%        N/A       3%          3
 Conjure Flame            Conj/Fire      14%        6-21      11%         3
 Ignite Poison            Fire/Tmut/Pois 14%        N/A       11%         3
 Inner Flame              Hex/Fire       14%        N/A       11%         3
 Mephitic Cloud           Conj/Pois/Air  14%        N/A       11%         3
 Vampiric Draining        Necr           14%        2d7       11%         3
 Manifold Assault         Tloc           22%        N/A       28%         5
 Flame Wave               Conj/Fire      14%        2d5       34%         4
 Alistair's Intoxication  Tmut/Pois      9%         N/A       69%         5
 Freezing Cloud           Conj/Ice/Air   7%         6-21      69%         5


Dungeon Overview and Level Annotations

Branches:
Dungeon (7/15)             Temple (1/1) D:6          Bailey (1/1)

Altars:
Cheibriados
Dithmenos
Fedhas
Gozag
Hepliaklqana
Kikubaaqudgha
Makhleb
Nemelex Xobeh
Okawaru
Qazlal
Ru
Sif Muna
Trog
Uskayaw
Vehumet
Wu Jian
Xom
Zin
The Shining One


Innate Abilities, Weirdness & Mutations

You are a tree.
Your roots penetrate the ground, keeping you stationary.
You cannot be teleported.
You are immune to unholy pain and torment.
Your maximum health is greatly increased.
Your equipment is partially melded.
((You have very sharp teeth.))
Your uncanny sense of smell can sniff out nearby items.
Your experience applies equally to all skills.


Message History

The gnoll hits you but does no damage.
Unknown command.
You puncture the orc knight!
The orc knight is moderately wounded.
The kobold hits you but does no damage.
The orc knight hits you but does no damage.
The gnoll hits you with a +0 hand axe.
* * * LOW HITPOINT WARNING * * *
Unknown command.
You hit the orc knight but do no damage.
The orc knight is moderately wounded.
The kobold barely misses you. The gnoll hits you but does no damage.
The orc knight hits you but does no damage.
The kobold hits you but does no damage.
Unknown command.
You closely miss the orc knight.
The orc knight is moderately wounded.
The gnoll hits you but does no damage.
The orc knight hits you but does no damage.
The kobold hits you but does no damage.
Unknown command.
You closely miss the orc knight.
The orc knight is moderately wounded.
The gnoll barely misses you.
The orc knight hits you but does no damage.
The kobold hits you but does no damage.
You closely miss the orc knight.
The orc knight is moderately wounded.
Your transformation is almost over.
The orc knight hits you with a +0 war axe!
* * * LOW HITPOINT WARNING * * *
The gnoll hits you but does no damage. The kobold hits you but does no damage.
You closely miss the orc knight.
The orc knight is moderately wounded.
The orc knight hits you but does no damage.
The gnoll hits you with a +0 hand axe.
* * * LOW HITPOINT WARNING * * *
The kobold completely misses you.
The orc knight hits you with a +0 war axe!
You die...

... #.♣ #o###..♣♣
#.≈≈Kg..♣ #.≈≈≈.g.♣
#.≈≈≈...∩ #o≈≈≈...♣
#.g≈≈...♣
+#≈.........≈#'###
.#≈|!8..o8![≈#go♣##
.##≈≈#####≈≈##.Kg.##
..####...####.††...##
....................#
8.............8..8..#
....................#
...................##
8...##'''##...8...##
...##.....##.....##


You could see an orc knight, 2 gnolls and a kobold.

Vanquished Creatures
  Edmund (D:5)
  2 water moccasins
  An orc warrior (Bailey)
  2 necrophages
  An ogre (D:5)
  A hornet zombie (D:6)
  A centaur (D:6)
  A phantom (D:5)
  A bullfrog (D:6)
  A gnoll sergeant (D:4)
  8 scorpions
  A water moccasin skeleton (D:5)
  3 hounds
  3 orc priests
  An iguana (D:6)
  Ijyb (D:3)
  3 orc wizards
  A scorpion zombie (D:5)
  A killer bee zombie (D:7)
  A hound skeleton (D:4)
  12 gnolls
  A howler monkey skeleton (D:5)
  11 adders
  An ufetubus (D:6)
  2 worms
  3 dart slugs
  13 orcs
  6 endoplasms
  3 giant cockroaches
  12 goblins
  9 hobgoblins
  4 jackals
  8 quokkas
  4 ball pythons
  11 bats
  6 frilled lizards
  13 kobolds
  8 rats
162 creatures vanquished.

Vanquished Creatures (others)
  4 fungi (D:6)
  2 plants (D:6)
6 creatures vanquished.

Grand Total: 168 creatures vanquished

Notes
Turn   | Place    | Note
-------+----------+-------------------------------------------
     0 | D:1      | Shayle the Gnoll Warper began the quest for the Orb.
     0 | D:1      | Reached XP level 1. HP: 20/20 MP: 6/6
   226 | D:1      | Reached XP level 2. HP: 22/26 MP: 7/7
   491 | D:1      | Reached XP level 3. HP: 31/31 MP: 9/9
   498 | D:1      | Found a faded altar of an unknown god.
   512 | D:1      | Reached skill level 5 in Spellcasting
  1109 | D:2      | Reached skill level 1 in Invocations
  1142 | D:2      | Reached skill level 1 in Short Blades
  1142 | D:2      | Reached skill level 1 in Long Blades
  1142 | D:2      | Reached skill level 1 in Axes
  1142 | D:2      | Reached skill level 1 in Maces & Flails
  1142 | D:2      | Reached skill level 1 in Polearms
  1142 | D:2      | Reached skill level 1 in Staves
  1142 | D:2      | Reached skill level 1 in Slings
  1142 | D:2      | Reached skill level 1 in Bows
  1142 | D:2      | Reached skill level 1 in Crossbows
  1142 | D:2      | Reached skill level 1 in Stealth
  1142 | D:2      | Reached skill level 1 in Shields
  1142 | D:2      | Reached skill level 1 in Evocations
  1163 | D:2      | Found an opulent altar of Gozag.
  1331 | D:2      | Reached XP level 4. HP: 29/38 MP: 11/11
  1981 | D:3      | Reached skill level 1 in Conjurations
  1981 | D:3      | Reached skill level 1 in Hexes
  1981 | D:3      | Reached skill level 1 in Summonings
  1981 | D:3      | Reached skill level 1 in Necromancy
  1981 | D:3      | Reached skill level 1 in Transmutations
  1981 | D:3      | Reached skill level 1 in Fire Magic
  1981 | D:3      | Reached skill level 1 in Ice Magic
  1981 | D:3      | Reached skill level 1 in Air Magic
  1981 | D:3      | Reached skill level 1 in Earth Magic
  1981 | D:3      | Reached skill level 1 in Poison Magic
  2066 | D:3      | Noticed Ijyb
  2384 | D:3      | Killed Ijyb
  2385 | D:3      | Reached XP level 5. HP: 10/43 MP: 12/12
  2714 | D:4      | Found a burning altar of Makhleb.
  2714 | D:4      | Noticed a cacodemon
  2943 | D:4      | Identified a scroll of acquirement
  2943 | D:4      | Acquired the ring "Kukot" {rPois rN+ rCorr}
  3073 | D:4      | Reached XP level 6. HP: 50/50 MP: 13/13
  3111 | D:5      | Entered Level 5 of the Dungeon
  3353 | D:5      | Reached skill level 5 in Fighting
  3353 | D:5      | Reached skill level 5 in Dodging
  3353 | D:5      | Reached skill level 5 in Unarmed Combat
  3370 | D:5      | Noticed a water moccasin
  3391 | D:5      | Killed a water moccasin
  3409 | D:5      | Reached XP level 7. HP: 42/56 MP: 15/15
  4750 | D:5      | Noticed Edmund
  4774 | D:5      | Killed Edmund
  4775 | D:5      | Reached XP level 8. HP: 51/63 MP: 16/16
  5878 | D:6      | Reached XP level 9. HP: 69/69 MP: 18/18
  5979 | D:6      | Found a staircase to the Ecumenical Temple.
  5994 | Temple   | Entered the Ecumenical Temple
  6357 | Temple   | Became a worshipper of the Wu Jian Council
  6938 | D:7      | Found a flagged portal.
  6963 | Bailey   | Entered a bailey
  6969 | Bailey   | Noticed an orc warlord
  7044 | Bailey   | Noticed an orc knight
  7054 | Bailey   | Reached skill level 5 in Throwing
  7054 | Bailey   | Reached skill level 5 in Armour
  7066 | Bailey   | Slain by an orc knight

Illustrated notes

Levels and vault maps discovered:
D:1:      matt_arrival_los_fun, layout_rooms,
          hellmonk_ecumenical_altar_arch_garden
D:2:      minmay_recursive_quarters, layout_loops_ring, basic_altar,
          minmay_lizard_pond
D:3:      layout_rooms, minivault_25, amcnicky_mini_rare_corridor_liquid,
          kennysheep_generic_room_7, uniq_ijyb
D:4:      layout_loops_ring, makhleb_altar_promises_db, minmay_curled_crystal
D:5:      layout_cave_pools, uniq_edmund
D:6:      old_forge, layout_basic, minmay_temple_entry_gardened_gates
D:7:      layout_basic, mainiacjoe_overflow_chevrons, enter_bailey_4
Temple:   dpeg_five_rooms_temple
Bailey:   bailey_axe_bossmonster_kennysheep, bailey

Skill      XL: |  1  2  3  4  5  6  7  8  9 |
---------------+----------------------------+-----
Spellcasting   | 5 6 |  6.6
Invocations    | 1 2 3 4 |  4.6
Short Blades   | 1 2 3 4 |  4.2
Long Blades    | 1 2 3 4 |  4.2
Axes           | 1 2 3 4 |  4.2
Maces & Flails | 1 2 3 4 |  4.2
Polearms       | 1 2 3 4 |  4.2
Staves         | 1 2 3 4 |  4.2
Slings         | 1 2 3 4 |  4.2
Bows           | 1 2 3 4 |  4.2
Crossbows      | 1 2 3 4 |  4.2
Stealth        | 1 2 3 4 |  4.2
Shields        | 1 2 3 4 |  4.2
Evocations     | 1 2 3 4 |  4.2
Conjurations   | 1 2 3 |  3.4
Hexes          | 1 2 3 |  3.4
Summonings     | 1 2 3 |  3.4
Necromancy     | 1 2 3 |  3.4
Transmutations | 1 2 3 |  3.4
Fire Magic     | 1 2 3 |  3.4
Ice Magic      | 1 2 3 |  3.4
Air Magic      | 1 2 3 |  3.4
Earth Magic    | 1 2 3 |  3.4
Poison Magic   | 1 2 3 |  3.4
Throwing       | 3 4 5 |  5.0
Armour         | 3 4 5 |  5.0
Fighting       | 5 6 |  6.3
Dodging        | 5 6 |  6.3
Unarmed Combat | 5 6 |  6.3
Translocations | 6 |  6.5

Action                   |  1- 3 |  4- 6 |  7- 9 || total
-------------------------+-------+-------+-------++-------
Melee: Unarmed           |    48 |       |       ||    48
       Bite              |    11 |    17 |    42 ||    70
       Dagger            |    80 |   163 |   132 ||   375
       Punch             |     3 |     7 |     5 ||    15
       Dire flail        |       |       |   214 ||   214
Throw: Boomerang         |       |     5 |       ||     5
       Dart              |       |     1 |    11 ||    12
       Throwing net      |       |       |     2 ||     2
Invok: Lunge             |       |       |    12 ||    12
  Use: Scroll            |       |     5 |     4 ||     9
       Potion            |       |       |     1 ||     1
 Stab: Held in net/web   |       |       |     1 ||     1
       Sleeping          |       |       |     4 ||     4
Armor: Leather armour    |    25 |    52 |   101 ||   178
       Skin              |       |       |    24 ||    24
Dodge: Dodged            |    77 |    97 |   272 ||   446

Table legend: (Time is in decaauts)
 A = Elapsed time spent in this place.
 B = Non-inter-level travel time spent in this place.
 C = Inter-level travel time spent in this place.
 D = Time resting spent in this place.
 E = Time spent auto-exploring this place.
 F = Levels seen in this place.
 G = Mean time per level.
                   A        B        C        D        E       F      G
               +--------+--------+--------+--------+--------+-----+--------+
         Total |   7058 |   6834 |    224 |   1312 |   3561 |   9 |  784.2 |
       Dungeon |   6557 |   6416 |    141 |   1307 |   3276 |   7 |  936.7 |
        Temple |    395 |    312 |     83 |      0 |    285 |   1 |  395.0 |
        Bailey |    105 |    105 |      0 |      5 |      0 |   1 |  105.0 |
               +--------+--------+--------+--------+--------+-----+--------+

Top non-repeatable levels by time:
     D:4: 1289 daAuts
     D:6: 1100 daAuts
     D:5: 1091 daAuts
     D:2: 1023 daAuts
     D:1: 1013 daAuts
     D:3: 950 daAuts
  Temple: 395 daAuts
  Bailey: 105 daAuts
     D:7: 87 daAuts
